 Dungeon Crawl Stone Soup version 0.30-a0-726-gd89dcf765f (webtiles) character file.

Game seed: 640001522740645026

200 Newt the Trooper (level 5, -5/42 HPs)
             Began as a Demonspawn Gladiator on Jan 29, 2023.
             Slain by a gnoll sergeant
             ... wielding a +0 vampiric trident
              (16 damage)
             ... on level 4 of the Dungeon.
             The game lasted 00:03:06 (2878 turns).

Newt the Trooper (Demonspawn Gladiator)             Turns: 2878, Time: 00:03:07

Health: -5/42      AC:  3    Str: 17    XL:     5   Next: 48%
Magic:  5/5        EV: 12    Int:  9    God:
Gold:   242        SH:  8    Dex: 14    Spells: 4/4 levels left

rFire   . . .      SeeInvis .    u - +3 mace (freeze)
rCold   . . .      Faith    .    q - +0 buckler
rNeg    . . .      Spirit   .    b - +0 leather armour
rPois   .          Reflect  +    (helmet restricted)
rElec   .          Harm     .    (no cloak)
rCorr   .          Rampage  .    (no gloves)
Will    .....                    (no boots)
Stlth   ++                       i - amulet of reflection
HPRegen 0.27/turn                (no ring)
MPRegen 0.09/turn                (no ring)

@: no status effects
A: horns 1, sturdy frame 1
a: no special abilities


You were on level 4 of the Dungeon.
You visited 1 branch of the dungeon, and saw 4 of its levels.

You collected 242 gold pieces.

Inventory:

Hand Weapons
 a - a +0 rapier
 u - a +3 mace of freezing (weapon)
Missiles
 d - 3 throwing nets
 r - 3 boomerangs (quivered)
Armour
 b - a +0 leather armour (worn)
 c - a +0 helmet
 q - a +0 buckler (worn)
 t - a +0 plate armour
Jewellery
 i - an amulet of reflection (around neck)
 l - a ring of fire
 v - a ring of see invisible
Scrolls
 j - a scroll of summoning
 k - 3 scrolls of teleportation
Potions
 f - a potion of mutation
 g - a potion of attraction
 h - a potion of cancellation
 m - a potion of heal wounds
 p - 2 potions of curing


   Skills:
 - Level 4.0 Fighting
 - Level 2.6 Short Blades
 + Level 3.6 Throwing
 - Level 2.6 Dodging
 - Level 2.0 Stealth


You had 4 spell levels left.
You didn't know any spells.
Your spell library contained the following spells:

 Spells                   Type           Power      Damage    Failure   Level
 Apportation              Tloc           0%         N/A       52%         1
 Slow                     Hex            0%         N/A       52%         1
 Confusing Touch          Hex            0%         N/A       87%         3
 Gell's Gravitas          Tloc           0%         N/A       87%         3
 Teleport Other           Tloc           0%         N/A       87%         3
 Vampiric Draining        Necr           0%         2d6       87%         3
 Alistair's Intoxication  Tmut/Pois      0%         N/A       100%        5
 Dispersal                Tloc           0%         N/A       100%        6


Dungeon Overview and Level Annotations

Branches:
Dungeon (4/15)
 Temple: D:4-7

Altars:
Uskayaw


Innate Abilities, Weirdness & Mutations

You have a pair of small horns on your head.
Your movements are slightly less encumbered by armour. (ER -2)


Message History

Press: ? - help, Q - select action, (/) - cycle Shift-Dir - straight line, f - gnoll
Aim: a gnoll, wielding a +0 club and quivering a throwing net (65% to hit)
You throw a boomerang. The gnoll sergeant shouts!
The gnoll shouts! x3
The boomerang hits the gnoll.
The gnoll is heavily wounded.
The gnoll attacks as you move away! You block the gnoll's attack.
Throw: 3 boomerangs
Press: ? - help, Q - select action, (/) - cycle Shift-Dir - straight line, f/p - gnoll
Aim: a gnoll, wielding a +0 club and quivering a throwing net (heavily wounded, 65% to hit)
You throw a boomerang. The boomerang closely misses the gnoll.
The boomerang hits the gnoll but does no damage.
You hit the gnoll. You freeze the gnoll. Your headbutt misses the gnoll.
The gnoll is heavily wounded.
The gnoll closely misses you.
You barely miss the gnoll. Your headbutt misses the gnoll.
The gnoll is heavily wounded.
You block the gnoll's attack.
The gnoll sergeant hits you from afar with a +0 vampiric trident!
The gnoll hits you with a +0 club.
Throw: javelin
Press: ? - help, Shift-Dir - straight line, f - gnoll, p - gnoll
Aim: a gnoll, wielding a +0 halberd (65% to hit)
You throw a javelin.
The javelin barely misses the gnoll sergeant.
The javelin pierces through the gnoll!
You kill the gnoll!
The javelin barely misses the gnoll.
The gnoll sergeant hits you from afar with a +0 vampiric trident.
You block the gnoll's attack.
You closely miss the gnoll.
The gnoll is heavily wounded.
You block the gnoll sergeant's attack. The gnoll hits you with a +0 club.
You sock the gnoll! You freeze the gnoll.
You kill the gnoll!
The gnoll sergeant hits you from afar with a +0 vampiric trident!
* * * LOW HITPOINT WARNING * * *
The gnoll sergeant hits you from afar with a +0 vampiric trident!
You die...

######## ###
#....)@##### ##..
#.≈≈≈≈.≈≈≈≈# #...
#.≈##≈g≈##≈# #...
#.≈###g###≈ #...
#.≈≈#.g.#≈≈ ##..
#.≈≈#...#≈≈#########...
#.≈≈#.(.#≈≈...##...#...
#.≈#######≈...#........
#.≈##≈≈≈##≈...#........


You could see a gnoll sergeant and 2 gnolls.

Vanquished Creatures
  A scorpion (D:4)
  6 gnolls
  4 adders
  3 worms (D:3)
  An orc (D:3)
  3 endoplasms
  4 giant cockroaches
  3 goblins
  6 hobgoblins
  A quokka (D:3)
  9 ball pythons
  3 bats
  3 frilled lizards
  A kobold (D:1)
  4 rats (D:1)
52 creatures vanquished.

Notes
Turn   | Place    | Note
-------+----------+-------------------------------------------
     0 | D:1      | Newt the Demonspawn Gladiator began the quest for the Orb.
     0 | D:1      | Reached XP level 1. HP: 16/16 MP: 1/1
   102 | D:1      | Reached skill level 1 in Stealth
   225 | D:1      | Gained mutation: You have a pair of small horns on your
                  | head. [demonic ancestry]
   225 | D:1      | Reached XP level 2. HP: 22/22 MP: 2/2
   450 | D:1      | You fall into a shaft and drop 1 floor!
  1039 | D:2      | Gained mutation: Your movements are slightly less
                  | encumbered by armour. (ER -2) [demonic ancestry]
  1039 | D:2      | Reached XP level 3. HP: 11/28 MP: 3/3
  1236 | D:2      | Reached skill level 3 in Fighting
  1429 | D:3      | Found a faded altar of an unknown god.
  1848 | D:3      | Reached XP level 4. HP: 29/37 MP: 4/4
  1853 | D:3      | Reached skill level 4 in Fighting
  2513 | D:4      | Found a hide-covered altar of Uskayaw.
  2538 | D:4      | Noticed a scorpion
  2551 | D:4      | Killed a scorpion
  2552 | D:4      | Reached XP level 5. HP: 22/42 MP: 5/5
  2878 | D:4      | Slain by a gnoll sergeant

Illustrated notes

Levels and vault maps discovered:
D:1:      ncdulo_lavacross, layout_loops_ring, minmay_misc_feat_square
D:2:      layout_loops_ring
D:3:      layout_basic, dreamdust_ecumenical_altar_statues
D:4:      layout_gridville, lemuel_tele_altar, lightli_minifort

Skill      XL: |  1  2  3  4 |
---------------+-------------+-----
Stealth        | 1 2 |  2.0
Fighting       | 3 4 |  4.0
Throwing       | 3 |  3.6
Short Blades   | |  2.6
Dodging        | |  2.6

Action                     |  1- 3 |  4- 6 || total
---------------------------+-------+-------++-------
  Melee: Rapier            |    66 |       ||    66
         Punch             |     1 |       ||     1
         Headbutt          |     8 |     7 ||    15
         Mace              |    20 |    46 ||    66
  Throw: Boomerang         |       |     2 ||     2
         Javelin           |       |     1 ||     1
    Use: Scroll            |     7 |     6 ||    13
         Potion            |     1 |       ||     1
   Stab: Sleeping          |     3 |     1 ||     4
 Armour: Leather armour    |    19 |     2 ||    21
  Dodge: Dodged            |    46 |    24 ||    70
  Block: Other             |     6 |       ||     6
         Buckler           |    21 |    24 ||    45
         Reflection        |       |     1 ||     1

Table legend: (Time is in decaauts)
 A = Elapsed time spent in this place.
 B = Non-inter-level travel time spent in this place.
 C = Inter-level travel time spent in this place.
 D = Time resting spent in this place.
 E = Time spent auto-exploring this place.
 F = Levels seen in this place.
 G = Mean time per level.
                   A        B        C        D        E       F      G
               +--------+--------+--------+--------+--------+-----+--------+
         Total |   2915 |   2804 |    111 |    294 |   2053 |   4 |  728.8 |
       Dungeon |   2915 |   2804 |    111 |    294 |   2053 |   4 |  728.8 |
               +--------+--------+--------+--------+--------+-----+--------+

Top non-repeatable levels by time:
     D:2: 1070 daAuts
     D:1: 675 daAuts
     D:3: 601 daAuts
     D:4: 567 daAuts
